 Dungeon Crawl Stone Soup version 0.24-a0-181-gd121a6d (webtiles) character file.

Game seed: 15858232382773290541

25102 Hylith the Blocker (level 13, -6/102 (103) HPs)
             Began as a Gnoll Fighter on Mar 13, 2019.
             Was the Champion of Okawaru.
             Mangled by a chaos spawn (11 damage)
             ... summoned by a kobold demonologist
             ... on level 12 of the Dungeon on Mar 14, 2019.
             The game lasted 00:49:34 (10583 turns).

Hylith the Blocker (Gnoll Fighter)                 Turns: 10583, Time: 00:49:34

HP:   -6/102 (103)  AC: 20    Str: 28    XL:     13   Next: 17%
MP:   24/24         EV: 11    Int: 11    God:    Okawaru [******]
Gold: 254           SH: 13    Dex: 16    Spells: 21/27 levels left

rFire    . . .     SeeInvis +   I - +2 flail (protect)
rCold    . . .     Gourm    .   c - +0 shield
rNeg     . . .     Faith    .   M - +0 plate armour
rPois    .         Spirit   .   U - +2 hat {SInv}
rElec    .         Reflect  .   n - +0 cloak
rCorr    .         Harm     .   (no gloves)
MR       .....                  N - +1 pair of boots {Fly}
Stlth    ..........             w - amulet of regeneration
HPRegen  0.67/turn              x - +6 ring of strength
MPRegen  0.19/turn              (no ring)

@: slowed, very slow
A: distributed training, fangs 1, strong nose
a: Heroism, Finesse, Renounce Religion, Evoke Flight


You were on level 12 of the Dungeon.
You worshipped Okawaru.
Okawaru was exalted by your worship.
You were not hungry.

You visited 3 branches of the dungeon, and saw 14 of its levels.

You collected 694 gold pieces.
You spent 440 gold pieces at shops.

Inventory:

Hand Weapons
 a - a +1 vampiric trident
 A - a +6 flail
 I - a +2 flail of protection (weapon)
Missiles
 F - 2 exploding tomahawks (quivered)
 P - 7 tomahawks
Armour
 c - a +0 shield (worn)
 n - a +0 cloak (worn)
 M - a +0 plate armour (worn)
 N - a +1 pair of boots of flying (worn)
 U - a +2 hat of see invisible (worn)
Magical Staves
 v - an uncursed staff of fire
Jewellery
 i - an uncursed amulet of guardian spirit
 w - an amulet of regeneration (around neck)
 x - a +6 ring of strength (left hand)
Wands
 h - a wand of scattershot (1)
 r - a wand of iceblast (6)
 s - a wand of random effects (15)
 E - a wand of paralysis (15)
 Q - a wand of polymorph (13)
 T - a wand of flame (14)
Scrolls
 b - 3 scrolls of blinking {unknown}
 k - 4 scrolls of enchant weapon {unknown}
 o - 2 scrolls of fear
 p - 4 scrolls of magic mapping {unknown}
 t - 2 scrolls of enchant armour {unknown}
 y - 6 scrolls of teleportation
 z - 4 scrolls of remove curse
 B - 2 scrolls of random uselessness {unknown}
 C - a scroll of noise {unknown}
 D - a scroll of brand weapon {unknown}
 H - 2 scrolls of immolation {unknown}
 J - 2 scrolls of amnesia {unknown}
 R - 3 scrolls of identify
Potions
 d - 2 potions of might
 g - 8 potions of heal wounds {unknown}
 j - 5 potions of flight
 l - a potion of haste
 m - 4 potions of brilliance
 q - a potion of magic
 u - 8 potions of curing
 G - a potion of agility
 K - a potion of lignification {unknown}
 O - 2 potions of invisibility {unknown}
Comestibles
 f - 22 rations


   Skills:
 + Level 10.2 Fighting
 + Level 7.9 Short Blades
 + Level 7.9 Long Blades
 + Level 7.9 Axes
 + Level 9.2 Maces & Flails
 + Level 7.9 Polearms
 + Level 7.9 Staves
 + Level 7.9 Slings
 + Level 7.9 Bows
 + Level 7.9 Crossbows
 + Level 7.9 Throwing
 + Level 10.2 Armour
 + Level 7.9 Dodging
 + Level 7.9 Stealth
 + Level 10.2 Shields
 + Level 7.9 Unarmed Combat
 + Level 7.9 Spellcasting
 + Level 6.5 Conjurations
 + Level 6.5 Hexes
 + Level 6.5 Charms
 + Level 6.5 Summonings
 + Level 6.5 Necromancy
 + Level 6.5 Translocations
 + Level 6.5 Transmutations
 + Level 6.5 Fire Magic
 + Level 6.5 Ice Magic
 + Level 6.5 Air Magic
 + Level 6.5 Earth Magic
 + Level 6.5 Poison Magic
 + Level 8.6 Invocations
 + Level 7.9 Evocations


You had 21 spell levels left.
You knew the following spells:

 Your Spells              Type           Power        Failure   Level  Hunger
a - Blink                 Tloc           N/A          24%         2    #......
b - Call Imp              Summ           ###.....     24%         2    #......
c - Song of Slaying       Chrm           ###.....     24%         2    #......

Your spell library contained the following spells:

 Spells                   Type           Power        Failure   Level  Hunger
 Animate Skeleton         Necr           N/A          16%         1    None
 Apportation              Tloc           ###...       16%         1    None
 Confusing Touch          Hex            ###...       16%         1    None
 Corona                   Hex            ###....      16%         1    None
 Infusion                 Chrm           ###.         16%         1    None
 Magic Dart               Conj           ###.         16%         1    None
 Summon Small Mammal      Summ           ###.         16%         1    None
 Ensorcelled Hibernation  Hex/Ice        ###...       24%         2    #......
 Poisonous Vapours        Pois/Air       ###...       24%         2    #......
 Shroud of Golubria       Chrm/Tloc      ###.......   24%         2    #......
 Slow                     Hex            ###.....     24%         2    #......
 Confuse                  Hex            ###.....     43%         3    ###....
 Conjure Flame            Conj/Fire      ###.....     43%         3    ###....
 Dazzling Spray           Conj/Hex       ###...       43%         3    ###....
 Mephitic Cloud           Conj/Pois/Air  ###.....     43%         3    ###....
 Regeneration             Chrm/Necr      ###.......   43%         3    ###....
 Spectral Weapon          Hex/Chrm       ###.....     43%         3    ###....
 Tukima's Dance           Hex            ###.....     43%         3    ###....
 Freezing Cloud           Conj/Ice/Air   ###.......   100%        6    #######
 Ring of Flames           Chrm/Fire      ###.......   100%        7    #######


Dungeon Overview and Level Annotations

Branches:
Dungeon (12/15)            Temple (1/1) D:6            Lair (1/6) D:9
    Orc (0/2) D:12

Altars:
Ashenzari
Dithmenos
Elyvilon
Fedhas
Gozag
Hepliaklqana
Nemelex Xobeh
Okawaru
Qazlal
Sif Muna
Trog
Wu Jian
Xom
Yredelemnul
The Shining One

Shops:
D:11 :

Annotations:
D:10 exclusion: obsidian statue


Innate Abilities, Weirdness & Mutations

Your experience applies equally to all skills.
You have very sharp teeth.
Your uncanny sense of smell can sniff out nearby items.


Message History

* * * LOW HITPOINT WARNING * * *
You feel yourself slow down.
The two-headed ogre hits you with a +0 giant club.
* * * LOW HITPOINT WARNING * * *
The two-headed ogre hits you with a +0 giant club!
* * * LOW HITPOINT WARNING * * *
The chaos spawn barely misses you.
The chaos spawn gores you but does no damage.
You can move again.
As you read the scroll of fear, it crumbles to dust.
You assume a fearsome visage.
The scorpion looks frightened!
The chaos spawn is unaffected.
The two-headed ogre easily resists.
The yak looks frightened!
The kobold demonologist looks frightened!
The two-headed ogre hits you with a +0 giant club!
* * * LOW HITPOINT WARNING * * *
You block the two-headed ogre's attack.
The kobold demonologist gives up.
The chaos spawn hits you!
You die...

.## #((...##.# #.# [.# #
#3#Y#.##.# #.# ..# ..#.....##.#
#.# ..# ######'##.# #.# ..#
∆#.....Y#.# #.# ..# #.#.s#K#.#
#.# ..# #......#.#### #.# ..#
#....O4#....# #.# ..#
∆'KY#.#).#@####.# #.# ..#
#..#....(.# #.# #.#
..##############(####.# #.#
....(...##.....[....#.# #.#
.######.##.########.#.# #.#
...........########.#.# #.#
.######...............#########.#
.#.........########.............#
.#'#######.########..############


You could see a two-headed ogre, a kobold demonologist (fleeing), a yak
(fleeing), a chaos spawn and a scorpion (fleeing).

Vanquished Creatures
  A hydra (D:12)
  7 death yaks
  4 two-headed ogres
  Sonja (D:12)
  Pikel (D:8)
  An ugly thing (D:12)
  A cyclops (D:11)
  Joseph (D:7)
  A kobold demonologist (D:11)
  A centaur skeleton (D:11)
  5 trolls
  A hornet (D:12)
  Grinder (D:3)
  A blink frog (D:9)
  The ghost of emperorscorpion the Ruffian, an amateur VSSk of Lugonu (D:4)
  A wraith (D:12)
  Eustachio (D:4)
  3 hogs (D:7)
  28 yaks
  A hungry ghost (D:10)
  A human (D:7)
  4 vampire mosquitoes (D:12)
  3 steam dragons
  2 soldier ants (D:12)
  Edmund (D:6)
  6 orc warriors
  3 porcupines (Lair:1)
  3 ice beasts
  A sky beast (D:5)
  4 slaves (D:8)
  2 black bears (D:9)
  A hornet zombie (D:12)
  2 phantoms
  A necrophage (D:12)
  An ogre (D:7)
  10 centaurs
  A crocodile (Lair:1)
  2 big kobolds
  9 bullfrogs
  A wyvern zombie (D:10)
  4 scorpions
  12 killer bees
  13 wights
  4 howler monkeys
  6 crimson imps
  A bullfrog zombie (D:8)
  3 jellies
  Crazy Yiuf (D:6)
  3 bullfrog skeletons
  4 hounds
  9 orc priests
  Terence (D:3)
  4 iguanas
  Natasha (thrice) (D:3)
  16 orc wizards
  9 worker ants
  A hound skeleton (D:9)
  3 gnolls (D:9)
  A howler monkey skeleton (D:6)
  17 adders
  3 shadow imps
  2 oozes
  An adder zombie (D:9)
  A dart slug (D:1)
  5 leopard geckos
  35 orcs
  2 ball pythons
  4 giant cockroaches
  6 goblins
  10 hobgoblins
  7 jackals
  4 quokkas
  5 bats
  6 frilled lizards
  2 jackal skeletons
  12 kobolds
  A leopard gecko skeleton (D:9)
  2 quokka skeletons
  3 rats (D:3)
346 creatures vanquished.

Vanquished Creatures (others)
  An orc (D:11)
1 creature vanquished.

Grand Total: 347 creatures vanquished

Notes
Turn   | Place    | Note
-------+----------+-------------------------------------------
     0 | D:1      | Hylith the Gnoll Fighter began the quest for the Orb.
     0 | D:1      | Reached XP level 1. HP: 23/23 MP: 1/1
   146 | D:1      | Reached XP level 2. HP: 29/29 MP: 2/2
   641 | D:1      | Reached XP level 3. HP: 33/35 MP: 3/3
   772 | D:2      | Found a white marble altar of Elyvilon.
   784 | D:2      | Found an ornate altar of the Wu Jian Council.
   856 | D:2      | Reached skill level 1 in Invocations
   970 | D:2      | Reached skill level 1 in Short Blades
   970 | D:2      | Reached skill level 1 in Long Blades
   970 | D:2      | Reached skill level 1 in Axes
   970 | D:2      | Reached skill level 1 in Polearms
   970 | D:2      | Reached skill level 1 in Staves
   970 | D:2      | Reached skill level 1 in Slings
   970 | D:2      | Reached skill level 1 in Bows
   970 | D:2      | Reached skill level 1 in Crossbows
   970 | D:2      | Reached skill level 1 in Throwing
   970 | D:2      | Reached skill level 1 in Dodging
   970 | D:2      | Reached skill level 1 in Stealth
   970 | D:2      | Reached skill level 1 in Unarmed Combat
   970 | D:2      | Reached skill level 1 in Spellcasting
   970 | D:2      | Reached skill level 1 in Evocations
   970 | D:2      | Reached XP level 4. HP: 28/41 MP: 3/5
  1637 | D:3      | Reached skill level 1 in Conjurations
  1637 | D:3      | Reached skill level 1 in Hexes
  1637 | D:3      | Reached skill level 1 in Charms
  1637 | D:3      | Reached skill level 1 in Summonings
  1637 | D:3      | Reached skill level 1 in Necromancy
  1637 | D:3      | Reached skill level 1 in Translocations
  1637 | D:3      | Reached skill level 1 in Transmutations
  1637 | D:3      | Reached skill level 1 in Fire Magic
  1637 | D:3      | Reached skill level 1 in Ice Magic
  1637 | D:3      | Reached skill level 1 in Air Magic
  1637 | D:3      | Reached skill level 1 in Earth Magic
  1637 | D:3      | Reached skill level 1 in Poison Magic
  1685 | D:2      | Reached XP level 5. HP: 27/47 MP: 4/6
  1934 | D:3      | Noticed Grinder
  1934 | D:3      | Paralysed by Grinder for 6 turns
  1946 | D:3      | Paralysed by Grinder for 5 turns
  1962 | D:3      | Paralysed by Grinder for 2 turns
  1969 | D:3      | Paralysed by Grinder for 6 turns
  1980 | D:3      | Paralysed by Grinder for 4 turns
  1986 | D:3      | Killed Grinder
  1986 | D:3      | Reached skill level 5 in Maces & Flails
  1986 | D:3      | Reached XP level 6. HP: 23/53 MP: 5/9
  2159 | D:3      | Noticed Terence
  2169 | D:3      | Killed Terence
  2231 | D:3      | Noticed Natasha
  2242 | D:3      | Killed Natasha
  2329 | D:3      | Noticed Natasha
  2339 | D:3      | Killed Natasha
  2339 | D:3      | Reached XP level 7. HP: 52/59 MP: 7/10
  2349 | D:3      | Noticed Natasha
  2353 | D:3      | Killed Natasha
  2432 | D:4      | Found a runed translucent gate.
  2432 | D:4      | Found a runed translucent gate.
  2432 | D:4      | Found a runed translucent gate.
  2432 | D:4      | Noticed emperorscorpion's ghost (amateur VSSk)
  2456 | D:4      | Killed emperorscorpion's ghost
  2638 | D:4      | Found a hazy altar of Hepliaklqana.
  2639 | D:4      | Found a shimmering altar of Xom.
  2640 | D:4      | Noticed a spectral ugly thing
  2757 | D:4      | Noticed Eustachio
  2810 | D:4      | Killed Eustachio
  2887 | D:4      | Reached XP level 8. HP: 59/67 MP: 12/12
  3241 | D:5      | Entered Level 5 of the Dungeon
  3943 | D:6      | Reached XP level 9. HP: 53/72 MP: 14/14
  3985 | D:6      | Found a runed translucent door.
  3986 | D:6      | Noticed Crazy Yiuf
  3991 | D:6      | Killed Crazy Yiuf
  4044 | D:6      | Found a deep blue altar of Sif Muna.
  4178 | D:6      | Noticed Edmund
  4192 | D:6      | Killed Edmund
  4356 | D:6      | Found a staircase to the Ecumenical Temple.
  4364 | Temple   | Entered the Ecumenical Temple
  4448 | Temple   | Became a worshipper of Warmaster Okawaru
  4589 | D:7      | Upgraded the game from 0.24-a0-179-g7a2c91a to
                  | 0.24-a0-181-gd121a6d
  4592 | D:7      | Found a basalt altar of Yredelemnul.
  4711 | D:7      | Found a stormy altar of Qazlal.
  4766 | D:7      | Reached * piety under Okawaru
  4776 | D:7      | Reached skill level 5 in Invocations
  4789 | D:7      | Reached XP level 10. HP: 37/80 MP: 15/17
  4830 | D:7      | Noticed Joseph
  4863 | D:7      | Killed Joseph
  4984 | D:7      | Found an opulent altar of Gozag.
  5057 | D:7      | Found a hazy altar of Hepliaklqana.
  5119 | D:7      | Found a bloodstained altar of Trog.
  5140 | D:7      | Reached ** piety under Okawaru
  5365 | D:8      | Noticed Pikel
  5422 | D:8      | Killed Pikel
  5422 | D:8      | Reached skill level 5 in Short Blades
  5422 | D:8      | Reached skill level 5 in Long Blades
  5422 | D:8      | Reached skill level 5 in Axes
  5422 | D:8      | Reached skill level 5 in Polearms
  5422 | D:8      | Reached skill level 5 in Staves
  5422 | D:8      | Reached skill level 5 in Slings
  5422 | D:8      | Reached skill level 5 in Bows
  5422 | D:8      | Reached skill level 5 in Crossbows
  5422 | D:8      | Reached skill level 5 in Throwing
  5422 | D:8      | Reached skill level 5 in Dodging
  5422 | D:8      | Reached skill level 5 in Stealth
  5422 | D:8      | Reached skill level 5 in Unarmed Combat
  5422 | D:8      | Reached skill level 5 in Spellcasting
  5422 | D:8      | Reached skill level 5 in Evocations
  5563 | D:8      | Found a blossoming altar of Fedhas.
  5884 | D:8      | Found a shadowy altar of Dithmenos.
  6194 | D:9      | Reached *** piety under Okawaru
  6316 | D:9      | Reached **** piety under Okawaru
  6376 | D:9      | Noticed a death yak
  6404 | D:9      | Killed a death yak
  6404 | D:9      | Received a gift from Okawaru
  6404 | D:9      | Reached XP level 11. HP: 39/87 MP: 16/19
  6412 | D:9      | Found a staircase to the Lair.
  6413 | D:9      | Noticed a death yak
  6413 | D:9      | Noticed a death yak
  6537 | D:9      | Noticed a death yak
  6574 | D:9      | Killed a death yak
  6611 | D:9      | Noticed a death yak
  6611 | D:9      | Noticed a death yak
  6611 | D:9      | Noticed a death yak
  6682 | D:8      | Killed a death yak
  6682 | D:8      | Reached skill level 5 in Conjurations
  6682 | D:8      | Reached skill level 5 in Hexes
  6682 | D:8      | Reached skill level 5 in Charms
  6682 | D:8      | Reached skill level 5 in Summonings
  6682 | D:8      | Reached skill level 5 in Necromancy
  6682 | D:8      | Reached skill level 5 in Translocations
  6682 | D:8      | Reached skill level 5 in Transmutations
  6682 | D:8      | Reached skill level 5 in Fire Magic
  6682 | D:8      | Reached skill level 5 in Ice Magic
  6682 | D:8      | Reached skill level 5 in Air Magic
  6682 | D:8      | Reached skill level 5 in Earth Magic
  6682 | D:8      | Reached skill level 5 in Poison Magic
  6921 | D:9      | Reached ***** piety under Okawaru
  6999 | D:9      | Noticed a two-headed ogre
  7005 | D:9      | Killed a two-headed ogre
  7165 | D:9      | Received a gift from Okawaru
  7266 | D:9      | Learned a level 2 spell: Blink
  7318 | D:9      | Learned a level 2 spell: Call Imp
  7345 | D:9      | Killed a death yak
  7372 | D:9      | Killed a death yak
  7391 | D:9      | Killed a death yak
  7391 | D:9      | Received a gift from Okawaru
  7504 | D:9      | Killed a death yak
  7504 | D:9      | Reached XP level 12. HP: 66/96 MP: 19/22
  7764 | Lair:1   | Entered Level 1 of the Lair of Beasts
  7808 | Lair:1   | Received a gift from Okawaru
  8155 | Lair:1   | Noticed an eight-headed hydra
  8203 | D:10     | Entered Level 10 of the Dungeon
  8203 | D:10     | Found a basalt altar of Yredelemnul.
  8515 | D:10     | Noticed a two-headed ogre
  8525 | D:10     | Killed a two-headed ogre
  9060 | D:11     | Reached ****** piety under Okawaru
  9287 | D:11     | Noticed a two-headed ogre
  9301 | D:11     | Killed a two-headed ogre
  9322 | D:11     | Reached skill level 10 in Fighting
  9322 | D:11     | Reached skill level 10 in Armour
  9322 | D:11     | Reached skill level 10 in Shields
  9490 | D:11     | Found Xaedenn's Book Emporium.
  9500 | D:11     | Bought a book of Battle for 440 gold pieces
  9504 | D:11     | Learned a level 2 spell: Song of Slaying
  9857 | D:12     | Noticed Sonja
  9869 | D:12     | Killed Sonja
 10003 | D:12     | Noticed a four-headed hydra
 10029 | D:12     | Killed a four-headed hydra
 10095 | D:12     | Noticed a two-headed ogre
 10105 | D:12     | Killed a two-headed ogre
 10105 | D:12     | Received a gift from Okawaru
 10105 | D:12     | Reached XP level 13. HP: 60/103 MP: 20/24
 10263 | D:12     | Found a staircase to the Orcish Mines.
 10511 | D:12     | Received a gift from Okawaru
 10578 | D:12     | Paralysed by a chaos spawn for 5 turns
 10583 | D:12     | HP: 5/102 [two-headed ogre/+0 giant club (10)]
 10583 | D:12     | Mangled by a chaos spawn

Levels and vault maps discovered:
D:1:      dpeg_arrival_court, layout_basic
D:2:      layout_basic, chequers_temple_overflow_statue_of_worship,
          serial_corexii_hall, corexii_hall_statues_deadend,
          corexii_hall_statues_t, first_ration
D:3:      layout_rooms, nicolae_underground_beach, uniq_natasha, uniq_terence,
          uniq_grinder
D:4:      layout_basic, regret_index_temple_of_mockery, serial_bayou,
          serial_bayou_pond_d, serial_bayou_pond_b, serial_bayou_pond_d,
          serial_bayou_pond_c, serial_bayou_ford_a, serial_bayou_lagoon_a,
          ebering_ghost_rock_garden, st_stairs_10, minmay_crossroads,
          uniq_eustachio
D:5:      layout_cave_pools
D:6:      layout_rooms, led_sif_pool, temple_statues, minmay_microvault,
          uniq_crazy_yiuf_cottage, uniq_edmund
D:7:      layout_cave_pools, nicolae_overflow_crystal_walls,
          nicolae_gozag_seed_capital, nicolae_overflow_hidden_temple,
          basic_altar, grunt_livestock, trog_butcher_becter, uniq_joseph
D:8:      layout_basic, marbit_many_paths, basic_altar, uniq_pikel
D:9:      layout_loops_cross, dpeg_lair_monsters
D:10:     layout_basic, minivault_16, yredelemnul_altar_generic
D:11:     layout_roguey, serial_shops, shop
D:12:     minmay_clustersquares, layout_basic, orc_0_dummy, minmay_fountain_box,
          minmay_joined_circles, uniq_sonja
Temple:   nicolae_temple_figure_eight
Lair:1:   layout_cave_pods

Skill      XL: |  1  2  3  4  5  6  7  8  9 10 11 12 |
---------------+-------------------------------------+-----
Invocations    | 1 2 3 4 5 6 7 8 |  8.6
Short Blades   | 1 2 3 4 5 6 7 |  7.9
Long Blades    | 1 2 3 4 5 6 7 |  7.9
Axes           | 1 2 3 4 5 6 7 |  7.9
Polearms       | 1 2 3 4 5 6 7 |  7.9
Staves         | 1 2 3 4 5 6 7 |  7.9
Slings         | 1 2 3 4 5 6 7 |  7.9
Bows           | 1 2 3 4 5 6 7 |  7.9
Crossbows      | 1 2 3 4 5 6 7 |  7.9
Throwing       | 1 2 3 4 5 6 7 |  7.9
Dodging        | 1 2 3 4 5 6 7 |  7.9
Stealth        | 1 2 3 4 5 6 7 |  7.9
Unarmed Combat | 1 2 3 4 5 6 7 |  7.9
Spellcasting   | 1 2 3 4 5 6 7 |  7.9
Evocations     | 1 2 3 4 5 6 7 |  7.9
Conjurations   | 1 2 3 4 5 6 |  6.5
Hexes          | 1 2 3 4 5 6 |  6.5
Charms         | 1 2 3 4 5 6 |  6.5
Summonings     | 1 2 3 4 5 6 |  6.5
Necromancy     | 1 2 3 4 5 6 |  6.5
Translocations | 1 2 3 4 5 6 |  6.5
Transmutations | 1 2 3 4 5 6 |  6.5
Fire Magic     | 1 2 3 4 5 6 |  6.5
Ice Magic      | 1 2 3 4 5 6 |  6.5
Air Magic      | 1 2 3 4 5 6 |  6.5
Earth Magic    | 1 2 3 4 5 6 |  6.5
Poison Magic   | 1 2 3 4 5 6 |  6.5
Maces & Flails | 5 6 7 8 9 |  9.2
Fighting       | 7 8 9 10 | 10.2
Armour         | 7 8 9 10 | 10.2
Shields        | 7 8 9 10 | 10.2

Action                   |  1- 3 |  4- 6 |  7- 9 | 10-12 | 13-15 || total
-------------------------+-------+-------+-------+-------+-------++-------
Melee: Flail             |    98 |   133 |   465 |  1036 |   145 ||  1877
       Bite              |    13 |    17 |    66 |   182 |    33 ||   311
       Staff             |       |       |     2 |       |       ||     2
Throw: Tomahawk          |       |       |       |    20 |     6 ||    26
 Cast: Call Imp          |       |       |       |     1 |       ||     1
       Song of Slaying   |       |       |       |     2 |       ||     2
Invok: Heroism           |       |       |       |     4 |       ||     4
       Finesse           |       |       |       |     1 |       ||     1
 Abil: Stop Flying       |       |       |       |     1 |       ||     1
Evoke: Wand              |       |       |       |    12 |       ||    12
  Use: Potion            |     1 |       |       |       |       ||     1
       Scroll            |       |       |     4 |     8 |     1 ||    13
  Eat: Chunk             |       |     5 |     9 |    20 |     2 ||    36
Armor: Scale mail        |    32 |    44 |    85 |       |       ||   161
       Chain mail        |       |       |   150 |   153 |       ||   303
       Plate armour      |       |       |       |   310 |    65 ||   375
Dodge: Dodged            |    27 |    37 |   174 |   373 |    67 ||   678
Block: Shield            |    65 |    65 |   363 |   682 |   108 ||  1283

Table legend:
 A = Non-vault XP
 B = Vault XP
 C = Vault XP percentage of total XP
 D = Non-vault monster count
 E = Vault monster count
 F = Vault count percentage of total count
                 A         B        C        D         E       F
            +---------+---------+-------+---------+---------+-------
      Total |   22692 |   13168 |  36.7 |     294 |      48 |  14.0
            +---------+---------+-------+---------+---------+-------
        D:1 |      36 |       0 |   0.0 |      20 |       0 |   0.0
        D:2 |     103 |       0 |   0.0 |      16 |       0 |   0.0
        D:3 |     187 |     338 |  64.4 |      20 |       3 |  13.0
        D:4 |     240 |     466 |  66.0 |      17 |       8 |  32.0
        D:5 |     376 |       0 |   0.0 |      11 |       0 |   0.0
        D:6 |    1138 |     293 |  20.5 |      24 |       3 |  11.1
        D:7 |     537 |    1695 |  75.9 |      11 |      10 |  47.6
        D:8 |     533 |    1584 |  74.8 |      20 |       3 |  13.0
        D:9 |    6357 |    5312 |  45.5 |      56 |       6 |   9.7
       D:10 |    3371 |       0 |   0.0 |      32 |       0 |   0.0
       D:11 |    4285 |       0 |   0.0 |      35 |       0 |   0.0
       D:12 |    3476 |    3480 |  50.0 |      20 |      15 |  42.9
     Lair:1 |    2053 |       0 |   0.0 |      12 |       0 |   0.0
            +---------+---------+-------+---------+---------+-------
